 Dungeon Crawl Stone Soup version 0.28-a0-973-ga7f8b01127 (webtiles) character file.

Game seed: 1838484058214259501

1112 yoda5477 the Spear-Bearer (level 8, 0/66 HPs)
             Began as a Yellow Draconian Monk on Dec 1, 2021.
             Slain by a water moccasin (6 damage)
             ... on level 6 of the Dungeon.
             The game lasted 00:30:12 (5161 turns).

yoda5477 the Spear-Bearer (Yellow Draconian Monk)   Turns: 5161, Time: 00:30:15

Health: 0/66       AC: 13    Str: 13    XL:     8   Next: 11%
Magic:  12/12      EV: 13    Int: 12    God:
Gold:   31         SH:  0    Dex: 15    Spells: 10/12 levels left

rFire   + . .      SeeInvis +   q - +1 trident (protect)
rCold   + . .      Faith    .   (no shield)
rNeg    . . .      Spirit   .   (armour unavailable)
rPois   .          Reflect  .   (helmet restricted)
rElec   .          Harm     .   A - scarf {rC+ rF+}
rCorr   +          Rampage  .   (no gloves)
Will    .....                   (no boots)
Stlth   ++........              (no amulet)
HPRegen 0.21/turn               k - ring of see invisible
MPRegen 0.13/turn               (no ring)

@: lethally poisoned (0 -> -10), under a protective aura
A: spit acid, AC +6, unfitting armour, cold-blooded, acid resistance
a: Breathe Acid


You were on level 6 of the Dungeon.
You visited 1 branch of the dungeon, and saw 7 of its levels.

You collected 271 gold pieces.
You spent 240 gold pieces at shops.

Inventory:

Hand Weapons
 a - a +0 spear
 q - a +1 trident of protection (weapon)
 x - a +0 glaive
Missiles
 b - 122 stones
 f - 4 boomerangs
 r - 13 poisoned darts (quivered)
Armour
 l - a +2 cloak
 A - a scarf of resistance (worn)
Magical Staves
 t - a staff of cold
Jewellery
 k - a ring of see invisible (left hand)
Wands
 y - a wand of flame (7)
Scrolls
 e - 5 scrolls of identify {unknown}
 g - a scroll of blinking {unknown}
 i - 2 scrolls of enchant weapon {unknown}
 n - 2 scrolls of teleportation {unknown}
 o - 2 scrolls of fog {unknown}
 u - a scroll of amnesia {unknown}
 B - a scroll of vulnerability {unknown}
Potions
 c - 2 potions of resistance {unknown}
 d - a potion of ambrosia {unknown}
 h - a potion of heal wounds
 j - 2 potions of attraction {unknown}
 m - 2 potions of flight {unknown}
 p - a potion of berserk rage {unknown}
 s - a potion of degeneration {unknown}
 v - 2 potions of curing {unknown}
 w - a potion of haste {unknown}


   Skills:
 + Level 4.1 Fighting
 * Level 8.4 Polearms
 + Level 3.9 Dodging
 - Level 1.7 Stealth
 * Level 2.7 Spellcasting
 * Level 1.7 Translocations


You had 10 spell levels left.
You knew the following spells:

 Your Spells              Type           Power      Damage    Failure   Level
a - Blink                 Tloc           10%        N/A       19%         2

Your spell library contained the following spells:

 Spells                   Type           Power      Damage    Failure   Level
 Apportation              Tloc           10%        N/A       13%         1
 Foxfire                  Conj/Fire      4%         2x1d4     26%         1
 Summon Small Mammal      Summ           4%         N/A       26%         1
 Conjure Flame            Conj/Fire      1%         6-21      58%         3
 Inner Flame              Hex/Fire       1%         N/A       58%         3
 Flame Wave               Conj/Fire      1%         2d4       94%         4
 Manifold Assault         Tloc           5%         N/A       98%         5
 Alistair's Intoxication  Tmut/Pois      0%         N/A       100%        5
 Storm Form               Tmut/Air       0%         N/A       100%        7


Dungeon Overview and Level Annotations

Branches:
Dungeon (7/15)             Temple (0/1) D:5

Altars:
Hepliaklqana
Kikubaaqudgha
Okawaru
Ru
Sif Muna
Vehumet
Wu Jian

Shops:
D:3 (   D:5 !

Annotations:
D:4 exclusions: downstairs and 2 phantoms
D:5 1 transporter, exclusion: orc priest, Edmund; Eustachio; Yorgos's ghost, novice HuFi
D:6 exclusion: sky beast, Sigmund
D:7 exclusion: upstairs


Innate Abilities, Weirdness & Mutations

You can spit globs of acid.
Your golden yellow scales are hard. (AC +6)
You cannot fit into any form of body armour.
You are cold-blooded and may be slowed by cold attacks.
You are resistant to acid. (rCorr)


Message History

You hit the water moccasin.
The water moccasin is lightly wounded.
The water moccasin bites you but does no damage.
You barely miss the water moccasin.
The water moccasin is lightly wounded.
The water moccasin closely misses you. The water moccasin bites you.
You are poisoned.
The water moccasin poisons you!
You miss the water moccasin.
The water moccasin is lightly wounded.
You feel very sick. The water moccasin barely misses you.
You miss the water moccasin.
The water moccasin is lightly wounded.
You feel sick. The water moccasin bites you.
You are more poisoned.
The water moccasin poisons you!
You hit the water moccasin but do no damage.
Your tail-slap misses the water moccasin.
The water moccasin is lightly wounded.
You feel very sick. The water moccasin barely misses you.
You hit the water moccasin.
The water moccasin is moderately wounded.
* * * LOW HITPOINT WARNING * * *
You feel very sick.
The water moccasin barely misses you. x2
You hit the water moccasin but do no damage.
The water moccasin is moderately wounded.
* * * LOW HITPOINT WARNING * * *
You feel very sick. The water moccasin bites you.
* * * LOW HITPOINT WARNING * * *
You closely miss the water moccasin.
Your tail-slap misses the water moccasin.
The water moccasin is moderately wounded.
* * * LOW HITPOINT WARNING * * *
You feel very sick. The water moccasin bites you.
You die...

......#
.......
.......######
............#
............#
............#
............#
.......@....#
##....S.....#
#..........#
#..........#
#............
###..#####.###
... .# .......
.. # ....... .


You could see a water moccasin.

Vanquished Creatures
  A necrophage (D:4)
  A black bear (D:6)
  3 ogres
  A scorpion (D:4)
  A wyvern skeleton (D:5)
  A centaur zombie (D:5)
  2 hounds
  A jelly (D:4)
  2 bullfrog skeletons
  An iguana (D:4)
  7 orc wizards
  7 adders
  A white imp (D:4)
  2 worms (D:2)
  4 adder skeletons (D:4)
  5 dart slugs
  4 orcs
  12 endoplasms
  4 giant cockroaches
  5 goblins
  15 hobgoblins
  6 jackals
  6 kobolds
  5 quokkas
  5 ball pythons
  6 bats
  7 frilled lizards
  4 rats
119 creatures vanquished.

Vanquished Creatures (others)
  A plant (D:3)
1 creature vanquished.

Grand Total: 120 creatures vanquished

Notes
Turn   | Place    | Note
-------+----------+-------------------------------------------
     0 | D:1      | yoda5477 the Draconian Monk began the quest for the Orb.
     0 | D:1      | Reached XP level 1. HP: 19/19 MP: 1/1
   286 | D:1      | Reached XP level 2. HP: 12/26 MP: 2/2
   762 | D:2      | Reached XP level 3. HP: 30/31 MP: 3/3
  1350 | D:2      | Reached skill level 4 in Polearms
  1356 | D:2      | Found a faded altar of an unknown god.
  1444 | D:2      | Reached skill level 1 in Spellcasting
  1444 | D:2      | Reached XP level 4. HP: 35/40 MP: 5/5
  2053 | D:3      | Found an iron altar of Okawaru.
  2168 | D:3      | Found a hazy altar of Hepliaklqana.
  2260 | D:3      | Found Omewkoug's Weapon Shoppe.
  2281 | D:3      | Bought a +1 trident of protection for 123 gold pieces
  2456 | D:3      | Found an ornate altar of the Wu Jian Council.
  2517 | D:3      | Noticed an ogre
  2547 | D:3      | Killed an ogre
  2548 | D:3      | Reached skill level 5 in Polearms
  2548 | D:3      | Reached XP level 5. HP: 17/46 MP: 5/7
  2773 | D:3      | Found a sacrificial altar of Ru.
  3137 | D:4      | Found a shimmering blue altar of Sif Muna.
  3160 | D:4      | Reached XP level 6. HP: 38/52 MP: 8/8
  3174 | D:4      | Reached skill level 6 in Polearms
  3177 | D:4      | Got Sif Muna's Almanac of Calling
  3291 | D:4      | Found an ancient bone altar of Kikubaaqudgha.
  3350 | D:4      | Found a radiant altar of Vehumet.
  3427 | D:5      | Entered Level 5 of the Dungeon
  3427 | D:5      | Noticed Eustachio
  3568 | D:4      | Learned a level 2 spell: Blink
  3844 | D:4      | Reached skill level 7 in Polearms
  3844 | D:4      | Your scales start taking on a golden yellow colour.
  3844 | D:4      | Reached XP level 7. HP: 57/58 MP: 10/10
  3844 | D:4      | Gained mutation: You are resistant to acid. (rCorr) [Yellow
                  | Draconian growth]
  4166 | D:5      | Noticed Yorgos's ghost (novice HuFi)
  4166 | D:5      | Found a transporter.
  4166 | D:5      | Identified the +6 giant club of Moderation {distort, rN+}
  4266 | D:5      | Reached skill level 1 in Translocations
  4487 | D:5      | Found a staircase to the Ecumenical Temple.
  4522 | D:5      | Identified the ring of Ahid {Int+2 SInv}
  4641 | D:5      | Noticed Edmund
  4654 | D:5      | Found Uvaifux's Distillery.
  4662 | D:5      | Bought a potion of might for 52 gold pieces
  4662 | D:5      | Bought a potion of heal wounds for 65 gold pieces
  4817 | D:6      | Reached skill level 8 in Polearms
  4878 | D:6      | Reached XP level 8. HP: 50/66 MP: 11/11
  4880 | D:6      | Noticed Sigmund
  5161 | D:6      | Slain by a water moccasin

Illustrated notes

Levels and vault maps discovered:
D:1:      nicolae_arrival_memento_mori, layout_basic, minmay_misc_feat_hallway,
          minmay_tetromino_s2
D:2:      layout_rooms, shapermc_ecumenical_altar_gd, kennysheep_generic_room_2
D:3:      layout_loops_ring, amcnicky_altar_gilded, kennysheep_okawaru_gauntlet,
          mainiacjoe_overflow_paths, mainiacjoe_overflow_boulevard,
          serial_shops, nicolae_shop_bloodbath_and_beyond,
          minmay_misc_feat_encased
D:4:      layout_basic, palyth_temple_overflow_mages, minmay_pentangle
D:5:      layout_cave_pools, pdpol_temple_overflow_zin_treasury_gozag_greed,
          fedhas_ov_isle_minmay, minmay_temple_entry_proselytizer,
          gammafunk_ghost_smash, serial_shops,
          nicolae_shop_competitors_out_of_business, uniq_prince_ribbit1,
          uniq_eustachio, uniq_edmund
D:6:      layout_rooms, lemuel_doored_altar, mainiacjoe_overflow_alcove_2,
          uniq_sigmund
D:7:      layout_loops_ring, mainiacjoe_overflow_concentric_impassable,
          gammafunk_ghost_abyssal_escape

Skill      XL: |  1  2  3  4  5  6  7 |
---------------+----------------------+-----
Polearms       | 4 5 7 8 |  8.4
Dodging        | 3 |  3.9
Spellcasting   | 1 2 |  2.7
Translocations | 1 |  1.7
Fighting       | 4 |  4.1
Stealth        | |  1.7

Action                   |  1- 3 |  4- 6 |  7- 9 || total
-------------------------+-------+-------+-------++-------
Melee: Spear             |   152 |    63 |       ||   215
       Tailslap          |    15 |    13 |    15 ||    43
       Trident           |       |   151 |   147 ||   298
Throw: Boomerang         |     1 |    17 |     5 ||    23
       Dart              |       |     1 |     6 ||     7
 Cast: Blink             |       |       |     3 ||     3
 Abil: Breathe Acid      |       |       |     1 ||     1
  Use: Potion            |       |       |     3 ||     3
 Stab: Sleeping          |     9 |    10 |     4 ||    23
Armor: Skin              |    20 |    54 |    73 ||   147
Dodge: Dodged            |    53 |    92 |   145 ||   290

Table legend: (Time is in decaauts)
 A = Elapsed time spent in this place.
 B = Non-inter-level travel time spent in this place.
 C = Inter-level travel time spent in this place.
 D = Time resting spent in this place.
 E = Time spent auto-exploring this place.
 F = Levels seen in this place.
 G = Mean time per level.
                   A        B        C        D        E       F      G
               +--------+--------+--------+--------+--------+-----+--------+
         Total |   5154 |   4927 |    227 |   1043 |   2251 |   7 |  736.3 |
       Dungeon |   5154 |   4927 |    227 |   1043 |   2251 |   7 |  736.3 |
               +--------+--------+--------+--------+--------+-----+--------+

Top non-repeatable levels by time:
     D:1: 1263 daAuts
     D:4: 1254 daAuts
     D:3: 1057 daAuts
     D:2: 743 daAuts
     D:5: 444 daAuts
     D:7: 234 daAuts
     D:6: 156 daAuts
